Map: Ephemeron LE

Players

zuka - Winner!

  • Race: Protoss Protoss
  • League: Master
  • Spawn Location: 11:00

Codebar

  • Race: Zerg Zerg
  • League: Master
  • Spawn Location: 5:00

VOD

Have the link to the VOD?

Description

Time

  • Played on: Sept. 22, 2019, 5:28 a.m.
  • Length: 11:48
Show
View Real Time Build Order
Export as new Build Order

zuka Protoss - Winner!

Build Orders: 1 Gate Expand, Archon Immortal, Archon Drop, Dark Templar Rush 

Get SALT Encoding   

  12  0:00  Probe  
  13  0:13  Probe  
  14  0:20  Pylon  
  14  0:25  Probe (Chrono Boost)  
  15  0:37  Probe (Chrono Boost)  
  15  0:40  Gateway  
  16  0:45  Probe  
  16  0:48  Assimilator  
  17  0:57  Probe (Chrono Boost)  
  18  1:05  Pylon  
  18  1:10  Probe (Chrono Boost)  
  20  1:18  Probe (Chrono Boost)  
  20  1:28  Nexus  
  20  1:38  Cybernetics Core  
  20  1:41  Probe  
  20  1:46  Assimilator  
  21  1:53  Probe  
  22  1:56  Pylon  
  22  2:05  Probe  
  23  2:11  Adept (Chrono Boost)  
  25  2:17  Probe  
  25  2:19  Twilight Council  
  26  2:26  Warp Gate  
  27  2:30  Probe (Chrono Boost)  
  27  2:37  Stalker  
  27  2:40  Probe (Chrono Boost)  
  31  2:48  Probe (Chrono Boost)  
  31  2:50  Probe (Chrono Boost)  
  32  2:55  Robotics Facility  
  32  2:56  Probe  
  32  2:58  Probe  
  34  3:08  Probe  
  34  3:10  Probe  
  36  3:17  Dark Shrine  
  36  3:20  Probe  
  36  3:22  Probe  
  38  3:27  Gateway  
  38  3:32  Gateway, Probe  
  39  3:34  Probe (Chrono Boost)  
  40  3:43  Gateway  
  40  3:46  Probe (Chrono Boost)  
  42  3:50  Probe (Chrono Boost)  
  42  3:51  Warp Prism (Chrono Boost)  
  42  3:55  Probe (Chrono Boost)  
  45  4:00  Pylon  
  45  4:07  Assimilator  
  45  4:14  Nexus  
  45  4:18  Pylon  
  45  4:20  Probe  
  45  4:21  Probe  
  47  4:32  Probe  
  47  4:34  Forge  
  49  4:44  Probe  
  49  4:48  Dark Templar x4  
  49  4:49  Probe  
  58  4:56  Probe  
  59  5:09  Probe x2  
  59  5:11  Pylon  
  59  5:12  Charge  
  59  5:13  Pylon  
  61  5:23  Probe  
  61  5:24  Protoss Ground Weapons Level 1 (Chrono Boost)  
  61  5:26  Immortal (Chrono Boost), Probe  
  67  5:30  Assimilator  
  67  5:31  Probe  
  67  5:34  Pylon  
  67  5:35  Probe  
  69  5:38  Probe  
  70  5:43  Probe  
  70  5:45  Dark Templar  
  70  5:46  Zealot x3  
  70  5:47  Probe  
  80  5:58  Archon  
  80  5:59  Archon  
  80  6:03  Immortal (Chrono Boost)  
  80  6:06  Pylon  
  80  6:07  Gateway  
  80  6:08  Gateway  
  76  6:20  Zealot x4  
  80  6:29  Probe x3  
  80  6:32  Immortal (Chrono Boost)  
  77  6:33  Shield Battery  
  77  6:34  Shield Battery  
  81  6:41  Gateway, Probe x3  
  84  6:48  Zealot x3  
  84  6:49  Zealot  
  84  6:53  Probe  
  93  6:56  Shield Battery  
  93  6:57  Shield Battery  
  93  7:01  Immortal (Chrono Boost)  
  93  7:04  Zealot  
  99  7:10  Gateway  
  99  7:12  Dark Templar x2  
  99  7:15  Probe x2  
  104  7:19  Archon  
  105  7:26  Dark Templar x2  
  105  7:27  Pylon  
  105  7:28  Pylon  
  109  7:30  Archon  
  109  7:39  Protoss Ground Weapons Level 2 (Chrono Boost)  
  109  7:46  Assimilator  
  109  7:50  Assimilator  
  109  7:52  Zealot x4  
  109  7:53  Zealot  
  119  7:59  Zealot x2  
  115  8:23  Zealot x2  
  115  8:24  Zealot x6  
  123  8:33  Probe x2  
  123  8:34  Probe  
  112  8:45  Probe x2  
  112  8:46  Probe  
  105  8:48  Dark Templar x2  
  105  8:49  Dark Templar x4  
  105  8:54  Zealot  
  105  8:55  Zealot  
  115  8:57  Probe  
  115  8:58  Probe  
  105  9:03  Probe  
  102  9:12  Probe  
  102  9:16  Probe x2  
  101  9:17  Immortal (Chrono Boost), Zealot  
  101  9:18  Zealot  
  101  9:24  Gateway  
  107  9:25  Gateway  
  107  9:29  Gateway  
  103  9:33  Dark Templar x2  
  103  9:34  Dark Templar  
  103  9:35  Zealot x3  
  103  9:36  Probe x2  
  103  9:37  Probe  
  118  9:40  Gateway  
  118  9:41  Gateway  
  118  9:44  Pylon  
  118  9:46  Immortal (Chrono Boost), Pylon  
  122  10:00  Nexus  
  122  10:05  Pylon, Archon  
  122  10:06  Archon x2  
  122  10:15  Immortal (Chrono Boost)  
  122  10:17  Dark Templar  
  122  10:18  Dark Templar  
  122  10:19  Zealot x4  
  130  10:32  Zealot x3  
  130  10:33  Zealot x2  
  130  10:34  Archon  
  132  10:47  Warp Prism (Chrono Boost)  
  132  10:49  Zealot x4  
  140  10:50  Zealot  
  142  11:05  Dark Templar x2  
  142  11:06  Templar Archives  
  142  11:07  Dark Templar  
  148  11:11  Pylon  
  148  11:13  Observer (Chrono Boost)  
  148  11:14  Pylon  
  149  11:19  Archon  
  149  11:22  Zealot x4  
  149  11:23  Zealot  
  148  11:34  Zealot  
  136  11:40  Zealot x2  
Show
View Real Time Build Order
Export as new Build Order

Codebar Zerg 

Build Orders: Hatch First 

Get SALT Encoding   

  12  0:00  Drone  
  13  0:12  Overlord  
  13  0:21  Drone  
  14  0:31  Drone x2  
  16  0:49  Hatchery  
  15  0:51  Drone  
  16  0:58  Drone  
  18  1:11  Spawning Pool  
  16  1:14  Drone  
  16  1:18  Drone, Extractor  
  17  1:30  Drone  
  18  1:42  Drone  
  19  1:49  Hatchery  
  19  1:53  Drone  
  19  2:01  Drone x2  
  21  2:10  Queen  
  23  2:18  Queen  
  25  2:24  Overlord  
  25  2:27  Drone  
  25  2:29  Drone  
  27  2:32  Zergling x2  
  28  2:38  Metabolic Boost  
  28  2:42  Zergling x2  
  29  2:45  Drone  
  29  2:46  Drone  
  31  2:53  Queen  
  31  2:57  Drone  
  34  3:09  Drone x2  
  34  3:12  Overlord  
  36  3:13  Drone x3  
  40  3:20  Drone x3  
  40  3:23  Overlord  
  42  3:36  Overlord  
  42  3:41  Lair  
  42  3:43  Drone x5  
  42  3:47  Drone x3  
  50  3:54  Queen  
  50  3:55  Extractor  
  51  3:59  Roach Warren  
  51  4:00  Drone  
  51  4:03  Extractor  
  51  4:04  Drone  
  51  4:05  Drone  
  52  4:13  Drone x3  
  55  4:20  Overlord x2, Drone x2  
  57  4:25  Overlord  
  57  4:30  Drone  
  58  4:39  Overlord  
  58  4:40  Drone  
  58  4:42  Glial Reconstitution  
  58  4:43  Roach x3  
  58  4:44  Roach x2  
  69  4:46  Drone  
  69  4:47  Drone x2  
  69  4:48  Extractor  
  71  4:54  Evolution Chamber, Drone  
  71  4:57  Overseer  
  63  5:12  Roach x3  
  63  5:13  Roach x4  
  73  5:27  Zergling x2  
  73  5:28  Zergling x8  
  75  5:30  Hatchery  
  75  5:34  Zergling x8  
  76  5:46  Overlord  
  76  5:48  Zergling x8  
  83  5:55  Overlord x2  
  83  5:58  Ravager x2  
  83  5:59  Ravager  
  83  6:10  Roach x3  
  81  6:17  Drone x4  
  77  6:24  Roach  
  77  6:25  Roach x2  
  77  6:29  Drone x2  
  77  6:34  Zerg Missile Weapons Level 1  
  77  6:37  Hydralisk Den  
  77  6:39  Drone x2  
  76  6:52  Drone  
  76  6:53  Queen  
  79  6:57  Drone x3  
  82  7:07  Grooved Spines, Drone x7, Hatchery  
  82  7:08  Drone x2  
  90  7:20  Overlord x2  
  90  7:21  Overlord  
  90  7:27  Extractor  
  90  7:28  Drone, Extractor  
  89  7:31  Drone x2, Hydralisk  
  89  7:32  Hydralisk x4  
  101  7:46  Hydralisk x4  
  109  7:57  Roach x3  
  115  8:09  Overseer  
  109  8:14  Roach x8  
  103  8:21  Zergling x6  
  103  8:26  Roach  
  90  8:29  Roach x6  
  92  8:41  Hydralisk x4  
  94  8:48  Roach  
  94  8:49  Roach  
  93  8:56  Hydralisk x2  
  83  9:19  Hydralisk  
  83  9:20  Hydralisk x2  
  80  9:30  Hatchery  
  79  9:38  Hatchery, Roach  
  78  9:39  Roach x6  
  78  9:44  Ravager  
  78  9:45  Ravager x4  
  97  10:00  Hydralisk x4  
  105  10:08  Muscular Augments  
  105  10:16  Roach  
  105  10:17  Roach  
  91  10:33  Roach x6  
  97  10:39  Hydralisk x4  
  92  10:46  Roach x2  
  93  10:51  Drone x4  
  97  11:01  Drone x3  
  100  11:11  Zergling x8  
  104  11:15  Lurker Den  
  103  11:19  Drone x3  
Tags
 
Add a new tag
Caveats
  • Supply blocks, unpowered buildings, or Contaminate may cause inaccurate times.
  • Supply counts are checked every 10 seconds.